 Dungeon Crawl Stone Soup version 0.27-a0-906-g0a00ce863d (webtiles) character file.

Game seed: 16049871577106025565

102 spiderkeys the Bolt Thrower (level 5, -2/32 HPs)
             Began as a Kobold Hunter on Apr 6, 2021.
             Killed from afar by an orc wizard (9 damage)
             ... with a magic dart
             ... on level 4 of the Dungeon.
             The game lasted 00:03:48 (2812 turns).

spiderkeys the Bolt Thrower (Kobold Hunter)         Turns: 2812, Time: 00:03:49

Health: -2/32      AC:  8    Str: 10    XL:     5   Next: 5%
Magic:  5/5        EV: 15    Int: 12    God:
Gold:   95         SH:  0    Dex: 16    Spells: 4/4 levels left

rFire    . . .     SeeInvis .   b - +2 short sword (venom)
rCold    . . .     Faith    .   (shield restricted)
rNeg     . . .     Spirit   .   c - +0 leather armour
rPois    .         Reflect  .   m - +1 hat
rElec    .         Harm     .   (no cloak)
rCorr    .         Rampage  .   (no gloves)
Will     .....                  (no boots)
Stlth    +++.......             (no amulet)
HPRegen  0.10/turn              e - +4 ring of protection
MPRegen  0.09/turn              (no ring)

@: no status effects
A: small, no large weapons, nightstalker 3
a: no special abilities


You were on level 4 of the Dungeon.
You visited 1 branch of the dungeon, and saw 4 of its levels.

You collected 95 gold pieces.

Inventory:

Hand Weapons
 a - a +1 hand crossbow
 b - a +2 short sword of venom (weapon)
Missiles
 d - 17 bolts
 f - a throwing net (quivered)
Armour
 c - a +0 leather armour (worn)
 m - a +1 hat (worn)
Jewellery
 e - a +4 ring of protection (left hand)
Scrolls
 g - a scroll of teleportation {unknown}
 h - a scroll of identify
 i - a scroll of torment {unknown}
 l - a scroll of blinking {unknown}
Potions
 j - a potion of curing {unknown}
 k - a potion of attraction {unknown}


   Skills:
 + Level 2.8 Fighting
 * Level 3.1 Short Blades
 - Level 5.0 Crossbows
 + Level 3.1 Dodging
 * Level 3.5 Stealth


You had 4 spell levels left.
You didn't know any spells.
Your spell library was empty.

Dungeon Overview and Level Annotations

Branches:
Dungeon (4/15)
 Temple: D:4-7

Altars:

Shops:
D:2 (   D:3 (

Annotations:
D:4 Blork the orc


Innate Abilities, Weirdness & Mutations

You are small and have problems with some larger weapons.
You are completely attuned to the shadows.


Message History

You start putting on your armour.
You continue putting on your +1 hat. x4
You finish putting on your +1 hat.
No target in view!
Blork the orc shouts!
You hear a shout! x3
Blork the orc casts a spell at you. The puff of flame hits you.
You hit Blork the orc.
Blork the orc is poisoned.
Blork the orc is lightly wounded.
You barely miss Blork the orc.
Blork the orc is lightly wounded.
Blork the orc gestures at you while chanting.
The magic dart hits you but does no damage.
An orc wizard comes into view. It is wielding a +0 dagger.
You barely miss Blork the orc.
Blork the orc is moderately wounded.
Blork the orc misses you.
You barely miss Blork the orc.
Blork the orc is moderately wounded.
Blork the orc barely misses you.
The orc wizard gestures at itself while chanting.
The orc wizard flickers and vanishes!
Deactivating autopickup; reactivate with Ctrl-A.
You closely miss Blork the orc.
Blork the orc is moderately wounded.
Blork the orc casts a cantrip, but nothing happens.
You closely miss Blork the orc.
Blork the orc is moderately wounded.
Blork the orc hits you with a +0 dire flail!
You hit Blork the orc.
Blork the orc is heavily wounded.
Blork the orc hits you with a +0 dire flail!
Something hits you.
* * * LOW HITPOINT WARNING * * *
You hit Blork the orc.
Blork the orc looks even sicker.
Blork the orc is heavily wounded.
Blork the orc barely misses you.
You hear some strange, mumbled words.
A magic dart appears from out of thin air!
The magic dart hits you!
You die...

.........
...........
.......[...
.....{o....
.?....@....
...........
...........
.......†...
.......##..
......##
.#..<..#
#.....#
##.....#


You could see Blork the orc (very poisoned).

Vanquished Creatures
  A gnoll (D:1)
  An adder (D:4)
  A worm (D:4)
  A dart slug (D:1)
  An orc (D:3)
  4 bats
  11 endoplasms
  5 giant cockroaches
  2 goblins
  4 hobgoblins
  12 jackals
  10 kobolds
  3 quokkas
  2 ball pythons
  3 frilled lizards
  7 rats
68 creatures vanquished.

Notes
Turn   | Place    | Note
-------+----------+-------------------------------------------
     0 | D:1      | spiderkeys the Kobold Hunter began the quest for the Orb.
     0 | D:1      | Reached XP level 1. HP: 12/12 MP: 1/1
   355 | D:1      | Reached skill level 1 in Short Blades
   355 | D:1      | Reached XP level 2. HP: 13/17 MP: 2/2
   915 | D:1      | Reached XP level 3. HP: 19/22 MP: 3/3
  1152 | D:1      | Reached skill level 5 in Crossbows
  1601 | D:2      | Found Kiotaju's Weapon Shoppe.
  1645 | D:2      | Reached XP level 4. HP: 27/27 MP: 4/4
  2719 | D:3      | Found Wirazil's Weapon Emporium.
  2793 | D:4      | Reached XP level 5. HP: 32/32 MP: 5/5
  2795 | D:4      | Noticed Blork the orc
  2812 | D:4      | Killed from afar by an orc wizard

Illustrated notes

Levels and vault maps discovered:
D:1:      dpeg_arrival_leaves_temple_mockup, layout_basic
D:2:      layout_basic, serial_shops, shop, chequers_jeans, grunt_ministairs_14,
          supply_closet_lemuel
D:3:      layout_basic, serial_shops, shop, feat_on_display
D:4:      layout_rooms, zin_treasury, serial_bayou_lagoon_a, uniq_sigmund,
          uniq_blork_the_orc, uniq_natasha

Skill      XL: |  1  2  3  4 |
---------------+-------------+-----
Short Blades   | 1 2 3 |  3.1
Stealth        | 2 3 |  3.5
Crossbows      | 5 |  5.0
Dodging        | 3 |  3.1
Fighting       | |  2.8

Action                   |  1- 3 |  4- 6 || total
-------------------------+-------+-------++-------
Melee: Short sword       |    80 |    71 ||   151
 Fire: Hand crossbow     |    10 |       ||    10
  Use: Scroll            |     3 |       ||     3
 Stab: Sleeping          |     5 |    14 ||    19
       Distracted        |     1 |     1 ||     2
Armor: Leather armour    |    35 |    13 ||    48
Dodge: Dodged            |    69 |    25 ||    94

Table legend: (Time is in decaauts)
 A = Elapsed time spent in this place.
 B = Non-inter-level travel time spent in this place.
 C = Inter-level travel time spent in this place.
 D = Time resting spent in this place.
 E = Time spent auto-exploring this place.
 F = Levels seen in this place.
 G = Mean time per level.
                   A        B        C        D        E       F      G
               +--------+--------+--------+--------+--------+-----+--------+
         Total |   2810 |   2777 |     33 |      0 |   2323 |   4 |  702.5 |
       Dungeon |   2810 |   2777 |     33 |      0 |   2323 |   4 |  702.5 |
               +--------+--------+--------+--------+--------+-----+--------+

Top non-repeatable levels by time:
     D:1: 1549 daAuts
     D:2: 669 daAuts
     D:3: 564 daAuts
     D:4: 26 daAuts
